Unix NetHack Version 5.0.0-0 post-release - last build May 10 2026 23:12:36 (d1fa5d53e341ca933230fdaa984d921c805b60aa,branch:main).

Game began 2026-05-15 00:52:15, ended 2026-05-15 01:09:52.

Drastanta, lawful male human Samurai

         --..|.--- --.--
       ---.......--.....|            ------
 ---   |................|     --.--.--..|.--
 -..---|......0.....|...-     |.....)......--
 .....|--..........--..|      |.............|
 .....--..........-- ---       -..*........--
 -...............--            ---...--....|        ..---
 ----............-----------.------..- --..|        ....|
    |............................)%).. .|..---      (...--
    ----........................-----  ......---.-  -.<%..|.
      --..---.......------.........|   ---........  |..%....
      |..--  -......| |............---     --.....- |....%|.
     --.--   --....-- |...@%......)..|.--    -..........|.-
    --..--     -...|  ---qqq....--.......     -..(..... |..
    |..(.--    --..--    -.....-- --.....|     ----^...
    |.....|     |...|    |.....|   |0....|        --.--
    ----..|     |..--    |....--   |....-|
       ---      ----     --...|    --....|
                          ----      ---.--

Drastanta the Ninja    St:18 Dx:14 Co:18 In:9 Wi:10 Ch:6  Lawful
Dlvl:6  $:157 HP:0(66) Pw:21(21) AC:4  Xp:6 T:1879  Burdened

Latest messages:
 You kill the gecko!
 You hear crashing rock.
 You hear crashing rock.
 You see here a chest.
 You see here a scroll labeled GARVEN DEH.
 You have a little trouble lifting p - a scroll labeled GARVEN DEH (2 in total).
 You see here an unlocked chest containing 3 items.
 You kill the lichen!
 You hear crashing rock.
 You hear crashing rock.
 The giant ant bites!
 You miss the giant ant.
 The giant ant bites!
 The giant ant misses!
 You miss the giant ant.
 The giant ant bites!
 You miss the giant ant.
 The giant ant bites!
 The giant ant bites!
 You miss the giant ant.
 The giant ant bites!
 The giant ant bites!
 You hit the giant ant!
 The rothe hits!
 The rothe bites!
 The rothe bites again!
 The giant ant bites!
 The giant ant misses!
 You kill the giant ant!
 The rothe misses!
 The rothe bites!
 The rothe bites again!
 You kill the rothe!
 The rothe hits!
 The rothe bites!
 The rothe bites again!
 You hit the rothe!
 The rothe hits!
 The rothe bites!
 The rothe bites again!
 The rothe hits!
 The rothe bites!
 The rothe bites again!
 What do you want to write with? [- a-dgswD-G or ?*] ?
 You write in the dust with a copper wand.
 What do you want to write in the dust here? Elbereth
 The rothe hits!
 The rothe bites!
 You die...
 Do you want your possessions identified? [ynq] (y) q

Inventory:
 Coins    ('$')
  $ - 157 gold pieces
 Weapons  (')')
  d - 35 +0 ya (in quiver)
  c - a +0 yumi (alternate weapon; not wielded)
  g - 5 blessed +1 darts
  D - 12 cursed +0 daggers
  E - a cursed +0 orcish dagger
  F - a cursed +0 aklys
  a - a +0 katana (weapon in right hand)
  G - a cursed rusty +1 mace
  b - a +0 wakizashi
 Armor    ('[')
  H - a cursed +0 kabuto
  I - a cursed +0 orcish helm
  J - a cursed rusty +0 orcish helm
  K - a cursed -1 pair of yugake
  A - an uncursed +0 pair of iron shoes
  L - a cursed +0 small shield
  B - an uncursed +0 dwarvish cloak
  M - a cursed +0 robe
  e - a blessed rustproof +0 splint mail (being worn)
 Comestibles  ('%')
  n - an uncursed slime mold
  N - a cursed clove of garlic
  m - an uncursed cram ration
  o - 2 uncursed gunyoki
  O - 3 cursed gunyoki
  v - an uncursed lembas wafer
  P - a cursed lembas wafer
  l - 2 uncursed pancakes
  Q - a cursed sprig of wolfsbane
  C - 2 uncursed tripe rations
  R - a cursed rotten tin of bat meat
 Scrolls  ('?')
  z - an uncursed scroll of amnesia
  f - an uncursed scroll of blank paper
  q - an uncursed scroll of confuse monster
  S - a cursed scroll of create monster
  j - an uncursed scroll of enchant armor
  p - 2 uncursed scrolls of identify
  i - an uncursed scroll of light
  t - a cursed scroll of light
 Spellbooks  ('+')
  h - an uncursed spellbook of light
 Potions  ('!')
  U - an uncursed potion of healing
  r - an uncursed potion of sake
  T - 4 potions of unholy water
 Rings    ('=')
  w - an uncursed ring of invisibility
 Wands    ('/')
  s - a wand of opening (0:5)
 Tools    ('(')
  V - an empty cursed sack
  W - a cursed oil lamp
  Y - an uncursed osaku
  X - a cursed osaku
  Z - a cursed osaku

Drastanta the Samurai's attributes:

Background:
 You were a Ninja, a level 6 male human Samurai.
 You were lawful, on a mission for Amaterasu Omikami
 who was opposed by Raijin (neutral) and Susanowo (chaotic).
 You were right-handed.
 You were in the Gnomish Mines, on level 6.
 You entered the dungeon 1879 turns ago.
 It was nighttime.
 You had 363 experience points, 277 more were needed to attain level 7.

Basics:
 You had 0 out of 66 hit points.
 You had all 21 energy points (spell power).
 Your armor class was 4.
 Your wallet contained 157 zorkmids.
 Autopickup was off.

Final Characteristics:
 Your strength was 18 (limit:18/100).
 Your dexterity was 14 (limit:18).
 Your constitution was 18 (limit:18).
 Your intelligence was 9 (limit:18).
 Your wisdom was 10 (limit:18).
 Your charisma was 6 (limit:18).

Final Status:
 You weren't hungry.
 You were burdened; movement was slightly slowed.
 You were wielding a long sword.
 You had basic skill with long sword.

Final Attributes:
 You were devoutly aligned.
 You were warded.
 You were fast.
 You are dead.

Miscellaneous:
 You encountered 1 bones level.
 Total elapsed playing time was 17 minutes and 37 seconds.

Major events:
 Turn
    1: Drastanta the lawful male human Samurai entered the dungeon
  528: attained the rank of Ronin (level 3)
  554: entered the Gnomish Mines
 1583: attained the rank of Ninja (level 6)
 1879: killed by a rothe

You didn't know any spells.

Skills:
 Fighting Skills
   martial arts      [Basic]
   two weapon combat [Unskilled]
   riding            [Unskilled]
 Weapon Skills
   dagger            [Unskilled]
   knife             [Unskilled]
   short sword       [Basic]
   broadsword        [Unskilled]
   long sword        [Basic]
   two-handed sword  [Unskilled]
   saber             [Unskilled]
   flail             [Unskilled]
   quarterstaff      [Unskilled]
   polearms          [Unskilled]
   spear             [Unskilled]
   lance             [Unskilled]
   bow               [Basic]
   shuriken          [Unskilled]
 Spellcasting Skills
   attack spells     [Unskilled]
   divination spells [Unskilled]
   clerical spells   [Unskilled]

Voluntary challenges:
 Character rerolling was not enabled.
 You never genocided any monsters.
 You never polymorphed an object.
 You never changed form.
 You used no wishes.
Achievements:
 You attained the rank of Ronin.
 You entered the Gnomish Mines.
 You attained the rank of Ninja.

 The Dungeons of Doom: levels 1 to 3
    Level 1:
    Level 2:
       A fountain, a sink.
    Level 3:
       Stairs down to The Gnomish Mines.
 The Gnomish Mines: levels 4 to 6
    Level 4:
    Level 5:
       A grave.
       Final resting place for
          DaveT-Pri-Hum-Mal-Law, killed by a giant bat, while praying.
    Level 6: <- You were here.
       Final resting place for
          you, killed by a rothe.


Vanquished creatures:
  a ghost
  a gnome ruler
  a shrieker
  5 gnome leaders
  a giant ant
  a dwarf
  a rothe
  a giant bat
  a hobbit
  a large kobold
  2 giant rats
 17 gnomes
  2 geckos
  a jackal
  a fox
  2 kobolds
  2 goblins
  5 grid bugs
  a bat
  4 lichens
  4 newts
55 creatures vanquished.

No species were genocided or became extinct.

Game over:
                       ----------
                      /          \
                     /    REST    \
                    /      IN      \
                   /     PEACE      \
                  /                  \
                  |    Drastanta     |
                  |      157 Au      |
                  |   killed by a    |
                  |      rothe       |
                  |                  |
                  |                  |
                  |       2026       |
                 *|     *  *  *      | *
        _________)/\\_//(\/(/\)/\//\/|_)_______

Sayonara Drastanta the Samurai...

You died in The Gnomish Mines on dungeon level 6 with 1844 points,
and 157 pieces of gold, after 1879 moves.
You were level 6 with a maximum of 66 hit points when you died.

